 Dungeon Crawl Stone Soup version 0.21.1-1-g345015fe64 (webtiles) character file.

38479 tryh the Severer (level 13, 0/119 HPs)
             Began as a Minotaur Fighter on June 26, 2018.
             Was a High Priest of Makhleb.
             Succumbed to a sea snake's poison
             ... on level 2 of the Shoals.
             The game lasted 01:59:29 (17618 turns).

tryh the Severer (Minotaur Fighter)                Turns: 17618, Time: 01:59:30

Health: 0/119      AC: 30    Str: 26    XL:     13   Next: 64%
Magic:  12/12      EV: 10    Int:  5    God:    Makhleb [*****.]
Gold:   948        SH:  0    Dex: 15    Spells: 12/12 levels left

rFire    . . .     SeeInvis .   r - +2 war axe (freeze)
rCold    + . .     Gourm    +   q - +0 large shield
rNeg     . . .     Faith    .   Q - +10 chain mail of Evolution {rC+ Dex+2 Slay+3}
rPois    .         Spirit   .   S - +2 hat
rElec    .         Reflect  .   D - +0 cloak
rCorr    .         Harm     .   J - +0 pair of gloves
MR       .....                  H - +0 pair of boots "Ziryor" {+Inv}
Stlth    ..........             x - amulet of the gourmand
HPRegen  0.29/turn              v - +2 ring of protection
MPRegen  0.13/turn              E - +3 ring of dexterity

@: confused, lethally poisoned (0 -> -113), flying
A: retaliatory headbutt, horns 2, talons 1, repulsion field 1
a: Minor Destruction, Lesser Servant of Makhleb, Major Destruction, Greater
Servant of Makhleb, Renounce Religion, Evoke Invisibility


You were on level 2 of the Shoals.
You worshipped Makhleb.
Makhleb was extremely pleased with you.
You were very full.

You visited 4 branches of the dungeon, and saw 18 of its levels.
You also visited: Labyrinth.

You collected 948 gold pieces.

Inventory:

Hand Weapons
 g - a +5 quarterstaff of protection
 r - a +2 war axe of freezing (weapon)
 G - a +2 flail
 O - a +4 war axe of chopping
 X - a +1 flail of crushing
Armour
 q - a +0 large shield (worn)
 w - a +0 pair of boots
 D - a +0 cloak (worn)
 H - the +0 pair of boots "Ziryor" (worn) {+Inv}
   (You found it on level 8 of the Dungeon)

   It lets you turn invisible.
 J - a +0 pair of gloves (worn)
 Q - the +10 chain mail of Evolution (worn) {rC+ Dex+2 Slay+3}
   (You found it on level 2 of the Lair of Beasts)

   It affects your dexterity (+2).
   It affects your accuracy and damage with ranged weapons and melee attacks
   (+3).
   It protects you from cold.
 S - a +2 hat (worn)
 Z - the +5 scale mail "Alounnal" {rN+ Int+2}
   (You found it in a labyrinth)

   It affects your intelligence (+2).
   It protects you from negative energy.
Jewellery
 d - an uncursed ring of protection from fire
 h - an uncursed ring of see invisible
 v - a +2 ring of protection (left hand)
 x - an amulet of the gourmand (around neck)
 E - a +3 ring of dexterity (right hand)
 V - a +2 ring of evasion
 Y - an uncursed ring of protection from fire
Wands
 l - a wand of acid (23)
 o - a wand of disintegration (42)
 u - a wand of polymorph (29)
 N - a wand of random effects (19)
 P - a wand of clouds (7)
Scrolls
 b - a scroll of enchant weapon
 c - a scroll of enchant armour {unknown}
 e - 5 scrolls of amnesia
 i - a scroll of brand weapon
 k - 2 scrolls of magic mapping
 m - 6 scrolls of teleportation
 y - 5 scrolls of blinking
 z - 2 scrolls of fear
 M - 2 scrolls of vulnerability
 R - 2 scrolls of remove curse
 W - 2 scrolls of identify
Potions
 j - 2 potions of agility
 n - a potion of ambrosia
 s - 4 potions of flight
 t - 2 potions of degeneration {unknown}
 B - 3 potions of magic
 C - 3 potions of heal wounds {unknown}
 F - a potion of resistance {unknown}
 I - a potion of cancellation {unknown}
 K - a potion of haste
 L - 2 potions of lignification {unknown}
 T - 3 potions of curing
Books
 U - a book of Clouds

   Spells                             Type                      Level
   a - Poisonous Vapours              Poison/Air                   2
   b - Mephitic Cloud                 Conjuration/Poison/Air       3
   c - Conjure Flame                  Conjuration/Fire             3
   d - Freezing Cloud                 Conjuration/Ice/Air          6
   e - Ring of Flames                 Charms/Fire                  7
Miscellaneous
 a - a sack of spiders
Comestibles
 f - 30 rations


   Skills:
 + Level 12.8 Fighting
 - Level 16.0 Axes
 - Level 1.0(10.8) Maces & Flails
 + Level 11.8 Armour
 - Level 3.0 Dodging
 - Level 1.1 Stealth
 + Level 14.6 Shields
 + Level 1.1 Evocations


You had 12 spell levels left.
You didn't know any spells.

Dungeon Overview and Level Annotations

Branches:
Dungeon (12/15)            Temple (1/1) D:6            Lair (2/6) D:8
 Shoals (3/4) Lair:2
  Snake: Lair:2-4    Spider: Lair:2-4       Orc: D:9-12

Altars:
Ashenzari
Cheibriados
Dithmenos
Elyvilon
Fedhas
Gozag
Hepliaklqana
Kikubaaqudgha
Makhleb
Nemelex Xobeh
Okawaru
Qazlal
Ru
Sif Muna
Trog
Uskayaw
Vehumet
Wu Jian
Xom
Yredelemnul
Zin
The Shining One


Innate Abilities, Weirdness & Mutations

You reflexively headbutt those who attack you in melee.
You have a pair of horns on your head.
You have sharp toenails.
You are surrounded by a mild repulsion field. (EV +2)


Message History

The sea snake bites you but does no damage.
You feel less invigorated.
You feel less confused.
* * * LOW HITPOINT WARNING * * *
You feel extremely sick. You block the sea snake's attack. x2
Your surroundings suddenly seem different.
* * * LOW HITPOINT WARNING * * *
You feel extremely sick.
You are confused.
You feel invigorated.
* * * LOW HITPOINT WARNING * * *
You feel extremely sick.
It was a potion of flight.
You feel very buoyant.
You fly up into the air.
* * * LOW HITPOINT WARNING * * *
You feel extremely sick.
It was a potion of magic.
Magic courses through your body.
You die...

≈≈≈≈≈≈...## ##..P≈P..P.≈........
≈≈≈≈.≈.(..# #..≈≈≈≈≈≈≈≈..≈......
≈≈..≈.....# ##?≈≈≈≈≈≈..≈≈≈≈≈≈..#
≈..≈.<###.# ##.≈≈..≈≈.≈≈≈≈≈≈≈.##
......###.####..≈.....≈≈.≈..≈≈>.#
≈≈.........[...≈≈...≈[≈≈≈..)≈≈≈≈.
≈≈≈≈..........≈≈..≈≈...≈≈.##.≈≈≈≈
≈≈≈≈......≈≈≈≈≈≈...<......#...≈≈≈
≈≈....##..≈≈≈≈≈≈@#......≈≈≈...≈..
≈....###..≈≈≈≈≈..###...≈≈≈≈≈≈...≈
≈≈≈..###....≈..≈.##....≈≈≈≈≈≈≈≈≈≈
≈≈≈≈..#..≈.....≈###...≈≈≈≈≈≈≈≈≈≈≈
≈......≈≈≈.###......≈≈≈≈≈≈≈≈≈.≈≈≈
.#..≈≈≈≈≈≈.# #..^≈..≈≈≈≈≈≈≈≈≈≈≈≈≈
....≈≈≈≈≈..###..(≈....S≈≈≈≈≈≈≈≈≈≈
≈≈....≈≈≈≈.....#.≈..##S≈≈≈≈≈≈≈≈≈≈
≈≈≈≈..≈≈≈≈..≈..##≈.###.≈≈≈≈≈≈≈≈≈≈


There were no monsters in sight!

Vanquished Creatures
  The ghost of Thargor the Fencer, an adept MiFi of Makhleb (Shoals:1)
  A minotaur (Lab)
  5 merfolk impalers
  A hydra (Lair:2)
  Erica (Lair:1)
  3 merfolk avatars
  2 two-headed ogres
  An unseen horror (D:10)
  2 sea snakes
  Pikel (D:5)
  2 oklob plants (Lair:2)
  5 harpies (Shoals:1)
  An ugly thing (D:11)
  A slime creature (D:5)
  4 manticores
  5 fauns (Shoals:1)
  4 merfolk sirens
  5 water nymphs
  Maurice (D:9)
  3 spiny frogs
  A gargoyle (D:7)
  A black mamba (Lair:1)
  A komodo dragon (D:8)
  2 trolls
  2 polar bears
  14 merfolk
  A wind drake (Shoals:2)
  2 hornets
  A snapping turtle (Shoals:1)
  4 blink frogs (Lair:1)
  6 hippogriffs
  2 water elementals (Shoals:2)
  6 yaks
  2 hungry ghosts
  A basilisk (Lair:1)
  Menkaure (D:6)
  2 water moccasins
  7 ice beasts
  A porcupine (Lair:1)
  3 sky beasts
  A necrophage (D:10)
  5 ogres
  10 wolves
  A crocodile (D:11)
  3 centaurs
  5 big kobolds
  8 bullfrogs
  A wyvern skeleton (D:9)
  2 scorpions
  16 wights
  A bullfrog zombie (D:6)
  6 crimson imps
  6 hounds
  A quasit (D:5)
  2 orc priests
  A centaur skeleton (D:8)
  A water moccasin simulacrum (D:9)
  6 jellies
  4 orc wizards
  3 bullfrog skeletons
  Terence (D:1)
  Ijyb (D:3)
  Natasha (thrice) (D:3)
  An iguana (D:5)
  7 worker ants
  2 hound skeletons
  2 worker ant zombies
  9 adders
  2 shadow imps
  A white imp (D:9)
  2 worker ant simulacra (D:9)
  2 ufetubi (D:9)
  2 oozes
  An adder skeleton (D:6)
  A worm (D:2)
  7 dart slugs
  4 leopard geckos
  25 orcs
  3 ball pythons
  6 bats
  3 giant cockroaches
  8 hobgoblins
  10 jackals
  3 quokkas
  7 frilled lizards
  6 goblins
  13 kobolds
  5 rats
  A bush (Temple)
  A butterfly (D:6)
  A fungus (Lair:2)
  11 plants
343 creatures vanquished.

Vanquished Creatures (others)
  2 slaves (D:5)
  A big kobold (D:5)
  2 jellies (D:5)
  An ooze (D:5)
  A kobold (D:5)
  7 fungi (D:5)
  2 plants
  7 toadstools (D:5)
23 creatures vanquished.

Grand Total: 366 creatures vanquished

Notes
Turn   | Place    | Note
-------+----------+-------------------------------------------
     0 | D:1      | tryh the Minotaur Fighter began the quest for the Orb.
     0 | D:1      | Reached XP level 1. HP: 19/19 MP: 0/0
    60 | D:1      | Reached XP level 2. HP: 20/27 MP: 1/1
   254 | D:1      | Reached XP level 3. HP: 33/33 MP: 2/2
   484 | D:1      | Reached skill level 3 in Axes
   674 | D:2      | Noticed Terence
   691 | D:1      | Killed Terence
   720 | D:2      | Reached XP level 4. HP: 36/40 MP: 3/3
   989 | D:2      | Found a basalt altar of Yredelemnul.
  1233 | D:2      | Reached skill level 4 in Axes
  1831 | D:3      | Noticed Natasha
  1845 | D:3      | Killed Natasha
  2076 | D:3      | Noticed Ijyb
  2094 | D:3      | Killed Ijyb
  2094 | D:3      | Reached XP level 5. HP: 41/47 MP: 4/4
  2111 | D:3      | Found a glowing silver altar of Zin.
  2246 | D:3      | Reached skill level 5 in Axes
  2498 | D:3      | Found a burning altar of Makhleb.
  2504 | D:3      | Became a worshipper of Makhleb the Destroyer
  2515 | D:3      | Found a radiant altar of Vehumet.
  2755 | D:3      | Noticed Natasha
  2768 | D:3      | Killed Natasha
  3119 | D:3      | Noticed Natasha
  3131 | D:3      | Killed Natasha
  3131 | D:3      | Reached skill level 5 in Shields
  3131 | D:3      | Reached XP level 6. HP: 52/53 MP: 5/5
  3282 | D:4      | Got a smoking leather armour
  3483 | D:4      | Found a shimmering altar of Xom.
  3495 | D:4      | Reached skill level 6 in Axes
  3496 | D:4      | Found a shadowy altar of Dithmenos.
  3543 | D:4      | Identified the +2 leather armour of Existentialism {Slay+2} (You found it on level 4 of the Dungeon)
  3969 | D:5      | Entered Level 5 of the Dungeon
  4108 | D:5      | Reached XP level 7. HP: 59/60 MP: 6/6
  4291 | D:5      | Reached skill level 5 in Armour
  4412 | D:5      | Found an iron altar of Okawaru.
  4457 | D:5      | Reached skill level 7 in Axes
  4457 | D:5      | Reached skill level 1 in Dodging
  4488 | D:5      | Reached skill level 5 in Fighting
  4508 | D:5      | Reached * piety under Makhleb
  4512 | D:5      | Noticed Pikel
  4881 | D:5      | Reached skill level 8 in Axes
  4958 | D:5      | Found a hide-covered altar of Uskayaw.
  5128 | D:5      | Killed Pikel
  5128 | D:5      | Reached skill level 9 in Axes
  5128 | D:5      | Reached skill level 1 in Stealth
  5128 | D:5      | Reached XP level 8. HP: 63/69 MP: 7/7
  5324 | D:5      | Reached skill level 1 in Maces & Flails
  5329 | D:5      | Noticed a slime creature
  5668 | D:6      | Noticed Menkaure
  5673 | D:6      | Killed Menkaure
  5714 | D:6      | Reached skill level 10 in Axes
  5833 | D:6      | Reached XP level 9. HP: 75/75 MP: 8/8
  5869 | D:6      | Found a staircase to the Ecumenical Temple.
  6207 | D:6      | Found a glowing golden altar of the Shining One.
  6591 | Temple   | Entered the Ecumenical Temple
  6942 | D:7      | Noticed a gargoyle
  7120 | D:7      | Found a hazy altar of Hepliaklqana.
  7174 | D:7      | Found a white marble altar of Elyvilon.
  7192 | D:7      | Reached ** piety under Makhleb
  7198 | D:7      | Reached skill level 11 in Axes
  7696 | D:8      | Got a pair of polished boots
  7702 | D:8      | Identified the +0 pair of boots "Ziryor" {+Inv} (You found it on level 8 of the Dungeon)
  7759 | D:8      | Found a bloodstained altar of Trog.
  8020 | D:8      | Reached skill level 12 in Axes
  8119 | D:8      | Found a deep blue altar of Sif Muna.
  8141 | D:8      | Found a hide-covered altar of Uskayaw.
  8371 | D:8      | Found a staircase to the Lair.
  8373 | D:8      | Noticed a komodo dragon
  8642 | D:8      | Noticed a two-headed ogre
  8652 | D:8      | Killed a two-headed ogre
  8652 | D:8      | Reached XP level 10. HP: 62/86 MP: 9/9
  8861 | D:8      | Identified a scroll of acquirement
  9115 | D:9      | Reached skill level 13 in Axes
  9766 | D:9      | Noticed Maurice
  9788 | D:9      | Killed Maurice
  9996 | D:9      | Found an opulent altar of Gozag.
 10121 | D:10     | Entered Level 10 of the Dungeon
 10134 | D:9      | Reached skill level 14 in Axes
 10285 | D:10     | Reached *** piety under Makhleb
 10440 | D:10     | Noticed an unseen horror
 10443 | D:10     | Killed an unseen horror
 10560 | D:10     | Reached XP level 11. HP: 94/94 MP: 10/10
 10878 | D:11     | Found a labyrinth entrance.
 10904 | D:11     | Noticed a two-headed ogre
 10908 | D:11     | Killed a two-headed ogre
 10908 | D:11     | Reached skill level 15 in Axes
 10932 | Lab      | Entered a labyrinth
 11060 | Lab      | Noticed a minotaur
 11064 | Lab      | Killed a minotaur
 11123 | Lab      | Got an ichor-stained scale mail
 11184 | D:11     | Identified the +5 scale mail "Alounnal" {rN+ Int+2} (You found it in a labyrinth)
 11227 | D:11     | Noticed a brown ugly thing
 11259 | D:11     | Killed a brown ugly thing
 11332 | D:11     | Noticed Sonja
 11369 | D:11     | Noticed Sonja
 11369 | D:11     | Sonja changed into Sonja the yak
 11374 | D:11     | Killed Sonja the yak
 12711 | D:5      | Reached skill level 16 in Axes
 13085 | Lair:1   | Entered Level 1 of the Lair of Beasts
 13149 | Lair:1   | Reached **** piety under Makhleb
 13153 | Lair:1   | Reached skill level 10 in Shields
 13762 | Lair:1   | Noticed Erica
 13766 | Lair:1   | Killed Erica
 14348 | Lair:2   | Reached skill level 10 in Fighting
 14348 | Lair:2   | Reached XP level 12. HP: 106/106 MP: 11/11
 14475 | Lair:2   | Got a shimmering chain mail
 14486 | Lair:2   | Identified the +10 chain mail of Evolution {rC+ Dex+2 Slay+3} (You found it on level 2 of the Lair of Beasts)
 14502 | Lair:2   | Noticed a six-headed hydra
 14533 | Lair:2   | Killed a six-headed hydra
 15297 | Lair:2   | Found a staircase to the Shoals.
 15376 | Shoals:1 | Entered Level 1 of the Shoals
 15668 | Shoals:1 | Noticed Thargor's ghost (adept MiFi)
 16205 | Shoals:1 | Killed Thargor's ghost
 16205 | Shoals:1 | Reached skill level 10 in Armour
 16276 | Shoals:1 | Reached skill level 1 in Evocations
 16415 | Shoals:1 | Reached XP level 13. HP: 117/117 MP: 12/12
 16566 | Shoals:1 | Noticed a merfolk impaler
 16582 | Shoals:1 | Killed a merfolk impaler
 16707 | Shoals:2 | Noticed a merfolk impaler
 16720 | Shoals:2 | Killed a merfolk impaler
 16943 | Shoals:2 | Noticed a merfolk impaler
 16974 | Shoals:2 | Killed a merfolk impaler
 17136 | Shoals:2 | Noticed a merfolk impaler
 17143 | Shoals:2 | Killed a merfolk impaler
 17266 | Shoals:2 | Noticed a merfolk impaler
 17282 | Shoals:2 | Killed a merfolk impaler
 17292 | Shoals:2 | Reached ***** piety under Makhleb
 17613 | Shoals:2 | Gained mutation: You have sharp toenails. [potion of mutation]
 17613 | Shoals:2 | Gained mutation: Potions are less effective at restoring your health. [potion of mutation]
 17613 | Shoals:2 | Lost mutation: Potions are less effective at restoring your health. [potion of mutation]
 17613 | Shoals:2 | Gained mutation: You are surrounded by a mild repulsion field. (EV +2) [potion of mutation]
 17617 | Shoals:2 | HP: 3/119 [poisoned by a sea snake]
 17618 | Shoals:2 | Succumbed to a sea snake's poison

Skill      XL: |  1  2  3  4  5  6  7  8  9 10 11 12 13 |
---------------+----------------------------------------+-----
Shields        | 4 5 6 7 8 9 10 13 14 | 14.6
Fighting       | 4 5 6 7 8 10 11 12 | 12.8
Armour         | 4 5 6 8 10 11 | 11.8
Axes           | 3 4 5 6 9 10 12 14 16 | 16.0
Dodging        | 2 3 |  3.0
Stealth        | 1 |  1.1
Maces & Flails | 1 |  1.0
Evocations     | 1 |  1.1

Action                   |  1- 3 |  4- 6 |  7- 9 | 10-12 | 13-15 || total
-------------------------+-------+-------+-------+-------+-------++-------
Melee: War axe           |    62 |   182 |   232 |   601 |   178 ||  1255
       Headbutt          |     9 |    25 |    57 |   144 |    54 ||   289
       Whip              |       |       |    22 |       |       ||    22
       Flail             |       |       |       |     7 |       ||     7
Evoke: Wand              |       |       |       |     5 |       ||     5
  Use: Scroll            |       |     9 |     6 |    13 |     1 ||    29
       Potion            |       |       |       |     5 |     5 ||    10
 Stab: Sleeping          |       |       |     1 |     1 |       ||     2
  Eat: Chunk             |       |    10 |    11 |    37 |     6 ||    64
       Ration            |       |       |     1 |     1 |       ||     2
Armor: Scale mail        |    33 |     9 |       |    51 |       ||    93
       Plate armour      |       |    64 |       |       |       ||    64
       Leather armour    |       |     6 |    44 |    40 |       ||    90
       Chain mail        |       |       |       |    88 |    66 ||   154
Dodge: Dodged            |    30 |    36 |    78 |   128 |    20 ||   292
Block: Shield            |    40 |    80 |   140 |   203 |       ||   463
       Large shield      |       |       |       |   132 |   144 ||   276
